AoeStats
← Miguel GC

Arabia

509751578Analyzed
1v1 RM · 5d ago on Sep 27, 2026· 54m 16s· 2 players
Game mode
Random Map
Map size
Tiny (2 player)
Population
200
Speed
Normal
Resources
Standard
Victory
Conquest
Starting age
Dark Age
Ending age
Imperial Age
RankedLock teamsTeams togetherTeam positionsShared explorationLock speedFull tech treeHidden civsTurbo modeCheats
Victory
Defeat
🇲🇽 Mongols · Mexico
1724
+20
🇦🇷 Danes · Argentina
1818
-20
Miguel GC
7:02 Loom
9:10 Feudal Age
9:52 Double-Bit Axe
19:44 Castle Age
18:01 Horse Collar
18:14 Gold Mining
19:20 Fletching
19:30 Padded Archer Armor
20:29 Bloodlines
22:44 Husbandry
23:37 Bow Saw
23:54 Ballistics
26:15 Town Watch
29:15 Wheelbarrow
28:57 Thumb Ring
30:23 Scale Barding Armor
31:28 Forging
31:16 Bodkin Arrow
34:42 Hand Cart
40:41 Imperial Age
39:54 Chain Barding Armor
40:10 Iron Casting
41:28 Bracer
42:39 Chemistry
42:09 Capped Ram
43:32 Crossbowman
43:54 Siege Ram
43:59 Light Cavalry
45:41 Blast Furnace
44:56 Leather Archer Armor
48:01 Scale Mail Armor
49:43 Hoardings
51:38 Conscription
DGHIR | El Docente
8:36 Loom
11:09 Feudal Age
11:54 Double-Bit Axe
12:11 Horse Collar
12:21 Town Watch
18:49 Scale Barding Armor
21:27 Castle Age
19:40 Forging
20:29 Bloodlines
22:19 Husbandry
22:50 Chain Barding Armor
22:41 Light Cavalry
25:45 Wheelbarrow
26:50 Bow Saw
28:11 Heavy Plow
32:08 Iron Casting
36:11 Hand Cart
39:07 Fletching
41:57 Imperial Age
39:32 Fletching
40:26 Scale Mail Armor
42:16 Chain Mail Armor
42:07 Squires
41:53 Arson
43:31 Plate Mail Armor
43:53 Conscription
44:23 Stone Mining
44:27 Gold Mining
44:56 Hamask
47:16 Bodkin Arrow
49:37 Masonry
51:50 Blast Furnace
Connection lost

Rejoining the realm…

Still unreachable

The connection could not be restored.

Session expired

The server has moved on; the page needs a fresh start.